WCHLSIM.com - West Coast Hockey League
Dernière mise à jour: 2025-12-07 16:11:59
html PUBLIC "-//W3C//DTD XHTML 1.0 Transitional//EN" "http://www.w3.org/TR/xhtml1/DTD/xhtml1-transitional.dtd"> WCHL - Game 158 - CALGARY FIREMEN vs SACRAMENTO BANDITS

CALGARY FIREMEN vs SACRAMENTO BANDITS

Created - 6 novembre 2024 at 09:25

Goals
1 2 3 T
CALGARY FIREMEN 1 2 1 4
SACRAMENTO BANDITS 2 1 0 3
Shots
1 2 3 T
CALGARY FIREMEN 7 9 7 23
SACRAMENTO BANDITS 15 8 9 32

1st period

1. CALGARY FIREMEN , Fabian Zetterlund 1 (Calle Jarnkrok 2, Ryan Graves 1) at 3:30
2. SACRAMENTO BANDITS , Corey Perry 1 (Aaron Ekblad 7, Anthony Beauvillier 6) at 3:39
3. SACRAMENTO BANDITS , Corey Perry 2 (Max Pacioretty 3, Aaron Ekblad 8) at 16:01

Penalties :
No Penalty

2nd period

4. CALGARY FIREMEN , Brett Howden 1 (Cody Glass 1, Darren Raddysh 1) at 8:50
5. SACRAMENTO BANDITS , Corey Perry 3 (Max Pacioretty 4, Anthony Beauvillier 7) at 9:13
6. CALGARY FIREMEN , Rasmus Sandin 1 (Jake McCabe 2, Filip Forsberg 5) at 17:10

Penalties :
Zach Bogosian (SAC) for Hooking (Minor) at 1:42, Martin Fehervary (CGY) for Tripping (Minor) at 5:19, Max Pacioretty (SAC) for Hooking (Minor) at 6:43, Corey Perry (SAC) for Slashing (Minor) at 14:00

3rd period

7. CALGARY FIREMEN , Rasmus Sandin 2 (Calle Jarnkrok 3, Mason Marchment 6) at 7:15 (PP)

Penalties :
Josh Anderson (SAC) for Roughing (Minor) at 6:06

Goalie Stats

Marc-Andre Fleury (CGY), 29 saves from 32 shots - (0,906), W, 3-3-1, 60:00 minutes
Daniel Vladar (SAC), 19 saves from 23 shots - (0,826), L, 3-6-2, 59:37 minutes

Players Stats for CALGARY FIREMEN

Player Name              G  A  P  +/- PIM S  H  SB GA TA FO     MP     PP MP  PK MP  
------------------------------------------------------------------------------------
Andrew Copp              0  0  0   0  0   1  0  0  0  0  19/27  21:02   3:25   0:00 
Brett Howden             1  0  1   0  0   2  0  0  0  0  4/9     5:53   0:00   0:28 
Calle Jarnkrok           0  2  2   1  0   2  3  0  0  0  0/1    19:49   3:06   0:56 
Cody Glass               0  1  1   0  0   1  0  0  0  0  0/1     5:25   0:00   0:00 
Darren Raddysh           0  1  1   1  0   0  0  0  0  0  0/0    15:45   0:00   1:07 
Fabian Zetterlund        1  0  1   1  0   7  1  0  0  0  0/0    19:12   3:25   0:00 
Filip Forsberg           0  1  1   0  0   4  0  0  0  0  0/0    20:19   3:25   0:00 
Isac Lundestrom          0  0  0  -1  0   1  0  1  0  0  0/0    14:27   0:00   0:28 
Jack Drury               0  0  0   1  0   0  0  0  0  0  11/20  15:04   0:00   0:00 
Jake McCabe              0  1  1   0  0   1  1  2  0  0  0/0    23:30   4:14   0:00 
Jared Spurgeon           0  0  0  -1  0   1  0  0  0  0  0/0    22:12   4:14   0:17 
Martin Fehervary         0  0  0  -1  2   0  2  0  0  0  0/0    20:08   2:17   0:00 
Mason Marchment          0  1  1   0  0   1  2  0  0  0  1/1    19:25   3:06   0:00 
Michael McCarron         0  0  0  -1  0   0  3  1  0  0  1/1    14:45   0:00   0:46 
Rasmus Sandin            2  0  2   0  0   2  0  1  0  0  0/0    22:14   2:17   0:38 
Ryan Graves              0  1  1   1  0   0  0  0  0  0  0/0    16:10   0:00   0:46 
Ryan Johansen            0  0  0  -1  0   0  1  0  0  0  11/23  17:15   3:06   0:10 
Yakov Trenin             0  0  0   0  0   0  0  0  0  0  0/0     5:25   0:00   0:00 

Players Stats for SACRAMENTO BANDITS

Player Name              G  A  P  +/- PIM S  H  SB GA TA FO     MP     PP MP  PK MP  
------------------------------------------------------------------------------------
Aaron Ekblad             0  2  2   2  0   0  1  1  0  0  0/0    25:48   0:42   3:37 
Adam Gaudette            0  0  0  -1  0   2  0  0  0  0  5/13   12:20   0:00   0:26 
Anthony Beauvillier      0  2  2   2  0   0  2  1  0  0  12/28  17:22   0:42   1:15 
Anthony DeAngelo         0  0  0   1  0   0  1  3  0  0  0/0    16:03   0:00   0:38 
Blake Wheeler            0  0  0  -1  0   4  0  0  0  0  0/0    20:52   0:42   1:41 
Corey Perry              3  0  3   2  2   4  1  0  0  0  0/0    16:06   0:42   0:00 
Dillon Dube              0  0  0   0  0   0  0  0  0  0  4/6     5:42   0:00   0:00 
Dominik Kubalik          0  0  0   0  0   1  0  0  0  0  0/1     5:42   0:00   0:00 
Evgeny Kuznetsov         0  0  0  -1  0   4  1  0  0  0  12/21  22:34   0:42   2:48 
Jakob Silfverberg        0  0  0  -1  0   2  0  0  0  0  0/1    11:54   0:00   0:00 
Janis Moser              0  0  0   2  0   2  0  4  0  0  0/0    25:33   0:42   3:22 
Joel Edmundson           0  0  0  -3  0   0  0  1  0  0  0/0    16:11   0:42   0:18 
Jonathan Huberdeau       0  0  0  -1  0   4  2  0  0  0  2/9    22:34   0:42   2:48 
Josh Anderson            0  0  0  -1  2   3  1  0  0  0  0/2    11:53   0:00   0:00 
Matthew Knies            0  0  0   0  0   1  0  0  0  0  0/1     8:00   0:00   2:18 
Max Pacioretty           0  2  2   2  2   3  2  0  0  0  1/1    17:52   0:41   1:46 
Simon Edvinsson          0  0  0  -3  0   0  1  1  0  0  0/0    17:14   0:00   3:12 
Zach Bogosian            0  0  0   1  2   2  5  2  0  0  0/0    19:10   0:42   1:55 

3 Stars

1 - Corey Perry (SAC)
2 - Rasmus Sandin (CGY)
3 - Calle Jarnkrok (CGY)

Power Play

CALGARY FIREMEN - 1 on 4 Attempt(s) - 25,00%
SACRAMENTO BANDITS - 0 on 1 Attempt(s) - 0,00%

Penalty Kill

CALGARY FIREMEN - 1 on 1 Attempt(s) - 100,00% - Score 0 goal in Penalty Kill
SACRAMENTO BANDITS - 3 on 4 Attempt(s) - 75,00% - Score 0 goal in Penalty Kill

Team Stat

CALGARY FIREMEN - Hits : 13 - Faceoff Wins : 47 - Blocked Shots : 5 - Penalty Minutes : 2
SACRAMENTO BANDITS - Hits : 17 - Faceoff Wins : 36 - Blocked Shots : 13 - Penalty Minutes : 8

Official

Referees : Brandon Schrader and Francis Charron
Linesman : Travis Gawryletz and Jonny Murray

Game Notes

Corey Perry has scored a Hat Trick!

Finance

Level 1 -- Attendance: 6205 (100,00%) -- Ticket Income 992 800 $
Level 2 -- Attendance: 3985 (75,47%) -- Ticket Income 557 900 $
Level 3 -- Attendance: 1870 (87,59%) -- Ticket Income 224 400 $
Level 4 -- Attendance: 3294 (76,96%) -- Ticket Income 296 460 $
Luxury Box -- Attendance: 1010 (100,00%) -- Ticket Income 303 000 $
Game was played at the Sacramento Center Palace.
Total Attendance: 16364 (86,54%)
Total Ticket Income: 2 374 560 $
Other Expense: 23 746 $
Total Income: 2 350 814 $

CALGARY FIREMEN

5 vs 5 Forward 
   Center                   Left Wing                Right Wing               Time % Phy DF OF 
 1 Andrew Copp              Mason Marchment          Filip Forsberg           34     0   1  4  
 2 Jack Drury               Fabian Zetterlund        Calle Jarnkrok           32     0   2  3  
 3 Ryan Johansen            Isac Lundestrom          Michael McCarron         25     1   3  1  
 4 Brett Howden             Yakov Trenin             Cody Glass               9      1   3  1  

5 vs 5 Defense 
   Defense                  Defense                                           Time % Phy DF OF 
 1 Jake McCabe              Rasmus Sandin                                     34     0   2  3  
 2 Martin Fehervary         Jared Spurgeon                                    32     0   2  3  
 3 Ryan Graves              Darren Raddysh                                    25     0   2  3  
 4 Jake McCabe              Rasmus Sandin                                     9      0   2  3  

PowerPlay Forward 
   Center                   Left Wing                Right Wing               Time % Phy DF OF 
 1 Andrew Copp              Fabian Zetterlund        Filip Forsberg           55     1   0  4  
 2 Ryan Johansen            Mason Marchment          Calle Jarnkrok           45     1   0  4  

PowerPlay Defense
   Defense                  Defense                                           Time % Phy DF OF 
 1 Jake McCabe              Jared Spurgeon                                    55     1   0  4  
 2 Rasmus Sandin            Martin Fehervary                                  45     1   0  4  

Penalty Kill 4 Players Forward 
   Center                   Wing                     Time % Phy DF OF 
 1 Michael McCarron         Calle Jarnkrok           55     1   4  0  
 2 Brett Howden             Isac Lundestrom          45     1   4  0  

Penalty Kill 4 Players Defense
   Defense                  Defense                  Time % Phy DF OF 
 1 Ryan Graves              Darren Raddysh           55     1   4  0  
 2 Rasmus Sandin            Martin Fehervary         45     1   4  0  

Penalty Kill - 3 Players Forward 
   Forward                                           Time % Phy DF OF 
 1 Michael McCarron                                  55     1   4  0  
 2 Isac Lundestrom                                   45     1   4  0  

Penalty Kill - 3 Players Defense
   Defense                  Defense                  Time % Phy DF OF 
 1 Darren Raddysh           Ryan Graves              55     1   4  0  
 2 Rasmus Sandin            Martin Fehervary         45     1   4  0  

4 vs 4 Forward 
   Center                   Wing                     Time % Phy DF OF 
 1 Andrew Copp              Filip Forsberg           55     1   1  3  
 2 Jack Drury               Mason Marchment          45     1   1  3  

4 vs 4 Defense
   Defense                  Defense                  Time % Phy DF OF 
 1 Jake McCabe              Jared Spurgeon           55     1   2  2  
 2 Rasmus Sandin            Martin Fehervary         45     1   2  2  

Last Minutes Offensive
   Center                   Left Wing                Right Wing               Defense                  Defense                  
   Andrew Copp              Mason Marchment          Filip Forsberg           Jake McCabe              Jared Spurgeon           

Last Minutes Defensive
   Center                   Left Wing                Right Wing               Defense                  Defense                  
   Andrew Copp              Fabian Zetterlund        Calle Jarnkrok           Ryan Graves              Martin Fehervary         

Goaltenders
Starting : Marc-Andre Fleury        
Backup : Samuel Ersson            

Extra Forwards
Normal : Jack Drury, Andrew Copp, Isac Lundestrom - PP : Jack Drury, Cody Glass - PK : Ryan Johansen
Extra Defensemen
Normal : Ryan Graves, Darren Raddysh, Rasmus Sandin - PP : Ryan Graves - PK : Darren Raddysh, Rasmus Sandin
Penalty Shots
Filip Forsberg, Andrew Copp, Fabian Zetterlund, Mason Marchment, Calle Jarnkrok
Custom OT Lines Forwards
Filip Forsberg, Andrew Copp, Fabian Zetterlund, Mason Marchment, Calle Jarnkrok, Ryan Johansen, Michael McCarron, Brett Howden, Yakov Trenin, Jack Drury
Custom OT Lines Defensemen
Jake McCabe, Jared Spurgeon, Rasmus Sandin, Martin Fehervary, Ryan Graves

Scratches
Gustav Lindstrom (Healthy), Jacob Bryson (Healthy)

SACRAMENTO BANDITS

5 vs 5 Forward 
   Center                   Left Wing                Right Wing               Time % Phy DF OF 
 1 Evgeny Kuznetsov         Jonathan Huberdeau       Blake Wheeler            36     1   2  2  
 2 Anthony Beauvillier      Max Pacioretty           Corey Perry              31     1   2  2  
 3 Adam Gaudette            Josh Anderson            Jakob Silfverberg        23     1   2  2  
 4 Dillon Dube              Matthew Knies            Dominik Kubalik          10     1   2  2  

5 vs 5 Defense 
   Defense                  Defense                                           Time % Phy DF OF 
 1 Aaron Ekblad             Janis Moser                                       36     1   2  2  
 2 Zach Bogosian            Anthony DeAngelo                                  31     1   2  2  
 3 Joel Edmundson           Simon Edvinsson                                   23     1   2  2  
 4 Aaron Ekblad             Janis Moser                                       10     1   2  2  

PowerPlay Forward 
   Center                   Left Wing                Right Wing               Time % Phy DF OF 
 1 Evgeny Kuznetsov         Jonathan Huberdeau       Blake Wheeler            55     1   2  2  
 2 Anthony Beauvillier      Max Pacioretty           Corey Perry              45     1   2  2  

PowerPlay Defense
   Defense                  Defense                                           Time % Phy DF OF 
 1 Aaron Ekblad             Janis Moser                                       55     1   2  2  
 2 Zach Bogosian            Joel Edmundson                                    45     1   2  2  

Penalty Kill 4 Players Forward 
   Center                   Wing                     Time % Phy DF OF 
 1 Jonathan Huberdeau       Evgeny Kuznetsov         55     1   2  2  
 2 Max Pacioretty           Blake Wheeler            45     1   2  2  

Penalty Kill 4 Players Defense
   Defense                  Defense                  Time % Phy DF OF 
 1 Aaron Ekblad             Janis Moser              55     1   2  2  
 2 Zach Bogosian            Simon Edvinsson          45     1   2  2  

Penalty Kill - 3 Players Forward 
   Forward                                           Time % Phy DF OF 
 1 Jonathan Huberdeau                                55     1   2  2  
 2 Evgeny Kuznetsov                                  45     1   2  2  

Penalty Kill - 3 Players Defense
   Defense                  Defense                  Time % Phy DF OF 
 1 Aaron Ekblad             Janis Moser              55     1   2  2  
 2 Zach Bogosian            Simon Edvinsson          45     1   2  2  

4 vs 4 Forward 
   Center                   Wing                     Time % Phy DF OF 
 1 Jonathan Huberdeau       Evgeny Kuznetsov         55     1   2  2  
 2 Max Pacioretty           Blake Wheeler            45     1   2  2  

4 vs 4 Defense
   Defense                  Defense                  Time % Phy DF OF 
 1 Aaron Ekblad             Janis Moser              55     1   2  2  
 2 Zach Bogosian            Joel Edmundson           45     1   2  2  

Last Minutes Offensive
   Center                   Left Wing                Right Wing               Defense                  Defense                  
   Evgeny Kuznetsov         Jonathan Huberdeau       Blake Wheeler            Aaron Ekblad             Janis Moser              

Last Minutes Defensive
   Center                   Left Wing                Right Wing               Defense                  Defense                  
   Evgeny Kuznetsov         Jonathan Huberdeau       Blake Wheeler            Aaron Ekblad             Janis Moser              

Goaltenders
Starting : Daniel Vladar            
Backup : Louis Domingue           

Extra Forwards
Normal : Josh Anderson, Jakob Silfverberg, Matthew Knies - PP : Josh Anderson, Jakob Silfverberg - PK : Matthew Knies
Extra Defensemen
Normal : Joel Edmundson, Simon Edvinsson, Zach Bogosian - PP : Joel Edmundson - PK : Simon Edvinsson, Zach Bogosian
Penalty Shots
Jonathan Huberdeau, Evgeny Kuznetsov, Max Pacioretty, Blake Wheeler, Corey Perry
Custom OT Lines Forwards
Jonathan Huberdeau, Evgeny Kuznetsov, Max Pacioretty, Blake Wheeler, Corey Perry, Josh Anderson, Jakob Silfverberg, Anthony Beauvillier, Matthew Knies, Dominik Kubalik
Custom OT Lines Defensemen
Aaron Ekblad, Janis Moser, Zach Bogosian, Anthony DeAngelo, Joel Edmundson

Scratches
Mark Giordano (Abdomen/Ribs Injury)

% Time on Ice - CALGARY FIREMEN

Lines # - Real PCT - Wanted PCT - Time Play
Normal Forward
1 - 32% - 34% - 16:19
2 - 30% - 32% - 15:04
3 - 28% - 25% - 13:59
4 - 11% - 9% - 5:25
Normal Defense
1 - 33% - 34% - 16:48
2 - 34% - 32% - 17:25
3 - 28% - 25% - 14:22
4 - 4% - 9% - 2:12
PP Forward
1 - 52% - 55% - 3:25
2 - 48% - 45% - 3:06
PP Defense
1 - 65% - 55% - 4:14
2 - 35% - 45% - 2:17
PK Forward
1 - 67% - 55% - 0:56
2 - 33% - 45% - 0:28
PK Defense
1 - 55% - 55% - 0:46
2 - 45% - 45% - 0:38
PK3 Forward
1 - 0% - 55%
2 - 0% - 45%
PK3 Defense
1 - 0% - 55%
2 - 0% - 45%
44 Forward
1 - 100% - 55% - 0:35
2 - 0% - 45% - 0:00
44 Defense
1 - 46% - 55% - 0:16
2 - 54% - 45% - 0:19
Last Minute Offensive  - 0:00
Last Minute Defensive  - 0:43
Total
Forward - 60:00
Defense - 60:00

% Time on Ice - SACRAMENTO BANDITS

Lines # - Real PCT - Wanted PCT - Time Play
Normal Forward
1 - 35% - 36% - 17:46
2 - 30% - 31% - 15:25
3 - 23% - 23% - 11:54
4 - 11% - 10% - 5:42
Normal Defense
1 - 36% - 36% - 18:11
2 - 33% - 31% - 16:34
3 - 27% - 23% - 13:46
4 - 4% - 10% - 2:16
PP Forward
1 - 50% - 55% - 0:42
2 - 50% - 45% - 0:42
PP Defense
1 - 50% - 55% - 0:42
2 - 50% - 45% - 0:42
PK Forward
1 - 62% - 55% - 4:03
2 - 38% - 45% - 2:28
PK Defense
1 - 47% - 55% - 3:03
2 - 53% - 45% - 3:28
PK3 Forward
1 - 0% - 55%
2 - 0% - 45%
PK3 Defense
1 - 0% - 55%
2 - 0% - 45%
44 Forward
1 - 100% - 55% - 0:35
2 - 0% - 45% - 0:00
44 Defense
1 - 100% - 55% - 0:35
2 - 0% - 45% - 0:00
Last Minute Offensive  - 0:43
Last Minute Defensive  - 0:00
Total
Forward - 60:00
Defense - 60:00

Play-by-Play

1st period


0:01 of 1st period - Mason Marchment wins face-off versus Evgeny Kuznetsov in neutral zone.
1:06 of 1st period - Icing by Jared Spurgeon.
1:07 of 1st period - Jack Drury wins face-off versus Anthony Beauvillier in CALGARY FIREMEN zone.
1:22 of 1st period - Shot by Calle Jarnkrok.
1:22 of 1st period - Shot Misses the Net.
1:24 of 1st period - Shot by Martin Fehervary.
1:24 of 1st period - Shot Blocked by Zach Bogosian.
1:26 of 1st period - Shot by Jared Spurgeon.
1:26 of 1st period - Shot Misses the Net.
1:28 of 1st period - Shot by Jared Spurgeon.
1:28 of 1st period - Shot Misses the Net.
1:30 of 1st period - Shot by Jared Spurgeon.
1:30 of 1st period - Deflect By Fabian Zetterlund.
1:30 of 1st period - Shot Blocked by Zach Bogosian.
1:32 of 1st period - Shot by Jared Spurgeon.
1:32 of 1st period - Shot Misses the Net.
1:34 of 1st period - Shot by Fabian Zetterlund.
1:34 of 1st period - Stopped by Daniel Vladar without a rebound.
1:35 of 1st period - Michael McCarron wins face-off versus Adam Gaudette in SACRAMENTO BANDITS zone.
2:08 of 1st period - Shot by Jakob Silfverberg.
2:08 of 1st period - Stopped by Marc-Andre Fleury without a rebound.
2:09 of 1st period - Dillon Dube wins face-off versus Brett Howden in CALGARY FIREMEN zone.
2:12 of 1st period - Shot by Dominik Kubalik.
2:12 of 1st period - Shot Misses the Net.
2:18 of 1st period - Shot by Dominik Kubalik.
2:18 of 1st period - Shot Misses the Net.
2:44 of 1st period - Shot by Dominik Kubalik.
2:44 of 1st period - Stopped by Marc-Andre Fleury with a rebound.
3:08 of 1st period - Shot by Andrew Copp.
3:08 of 1st period - Shot Blocked by Janis Moser.
3:10 of 1st period - Shot by Andrew Copp.
3:10 of 1st period - Stopped by Daniel Vladar without a rebound.
3:11 of 1st period - Jack Drury wins face-off versus Adam Gaudette in SACRAMENTO BANDITS zone.
3:26 of 1st period - Shot by Fabian Zetterlund.
3:26 of 1st period - Shot Misses the Net.
3:28 of 1st period - Shot by Calle Jarnkrok.
3:28 of 1st period - Shot Misses the Net.
3:30 of 1st period - Shot by Fabian Zetterlund.
3:30 of 1st period - Goal by Fabian Zetterlund - CALGARY FIREMEN : 1 - SACRAMENTO BANDITS : 0.
3:31 of 1st period - Anthony Beauvillier wins face-off versus Ryan Johansen in neutral zone.
3:31 of 1st period - Aaron Ekblad is hit by Michael McCarron and loses puck.
3:39 of 1st period - Shot by Corey Perry.
3:39 of 1st period - Goal by Corey Perry - CALGARY FIREMEN : 1 - SACRAMENTO BANDITS : 1.
3:40 of 1st period - Evgeny Kuznetsov wins face-off versus Andrew Copp in neutral zone.
4:12 of 1st period - Shot by Jonathan Huberdeau.
4:12 of 1st period - Deflect By Blake Wheeler.
4:12 of 1st period - Stopped by Marc-Andre Fleury with a rebound.
4:14 of 1st period - Shot by Janis Moser.
4:14 of 1st period - Stopped by Marc-Andre Fleury without a rebound.
4:15 of 1st period - Ryan Johansen wins face-off versus Anthony Beauvillier in CALGARY FIREMEN zone.
4:28 of 1st period - Shot by Corey Perry.
4:28 of 1st period - Stopped by Marc-Andre Fleury without a rebound.
4:29 of 1st period - Jack Drury wins face-off versus Adam Gaudette in CALGARY FIREMEN zone.
4:29 of 1st period - Jack Drury is hit by Josh Anderson.
4:49 of 1st period - Shot by Fabian Zetterlund.
4:49 of 1st period - Shot Misses the Net.
5:01 of 1st period - Shot by Calle Jarnkrok.
5:01 of 1st period - Stopped by Daniel Vladar with a rebound.
6:12 of 1st period - Icing by Max Pacioretty.
6:13 of 1st period - Andrew Copp wins face-off versus Anthony Beauvillier in SACRAMENTO BANDITS zone.
7:04 of 1st period - Shot by Evgeny Kuznetsov.
7:04 of 1st period - Shot Misses the Net.
8:04 of 1st period - Matthew Knies is hit by Fabian Zetterlund and loses puck.
8:47 of 1st period - Shot by Josh Anderson.
8:47 of 1st period - Stopped by Marc-Andre Fleury without a rebound.
8:48 of 1st period - Anthony Beauvillier wins face-off versus Brett Howden in CALGARY FIREMEN zone.
9:02 of 1st period - Shot by Max Pacioretty.
9:02 of 1st period - Stopped by Marc-Andre Fleury without a rebound.
9:03 of 1st period - Evgeny Kuznetsov wins face-off versus Ryan Johansen in CALGARY FIREMEN zone.
9:12 of 1st period - Shot by Jonathan Huberdeau.
9:12 of 1st period - Shot Blocked by Isac Lundestrom.
9:22 of 1st period - Shot by Jonathan Huberdeau.
9:22 of 1st period - Deflect By Evgeny Kuznetsov.
9:22 of 1st period - Stopped by Marc-Andre Fleury with a rebound.
10:42 of 1st period - Icing by Aaron Ekblad.
10:43 of 1st period - Andrew Copp wins face-off versus Anthony Beauvillier in SACRAMENTO BANDITS zone.
11:09 of 1st period - Icing by Filip Forsberg.
11:10 of 1st period - Andrew Copp wins face-off versus Evgeny Kuznetsov in CALGARY FIREMEN zone.
11:18 of 1st period - Icing by Zach Bogosian.
11:19 of 1st period - Jack Drury wins face-off versus Evgeny Kuznetsov in SACRAMENTO BANDITS zone.
11:20 of 1st period - Shot by Fabian Zetterlund.
11:20 of 1st period - Shot Blocked by Anthony DeAngelo.
11:44 of 1st period - Shot by Jonathan Huberdeau.
11:44 of 1st period - Stopped by Marc-Andre Fleury with a rebound.
11:46 of 1st period - Shot by Jonathan Huberdeau.
11:46 of 1st period - Deflect By Blake Wheeler.
11:46 of 1st period - Stopped by Marc-Andre Fleury without a rebound.
11:47 of 1st period - Andrew Copp wins face-off versus Adam Gaudette in CALGARY FIREMEN zone.
12:09 of 1st period - Josh Anderson is hit by Martin Fehervary and loses puck.
12:22 of 1st period - Shot by Josh Anderson.
12:22 of 1st period - Shot Misses the Net.
12:32 of 1st period - Shot by Filip Forsberg.
12:32 of 1st period - Shot Misses the Net.
13:17 of 1st period - Off-side.
13:18 of 1st period - Brett Howden wins face-off versus Evgeny Kuznetsov in neutral zone.
14:05 of 1st period - Off-side.
14:06 of 1st period - Anthony Beauvillier wins face-off versus Andrew Copp in neutral zone.
14:22 of 1st period - Shot by Max Pacioretty.
14:22 of 1st period - Stopped by Marc-Andre Fleury without a rebound.
14:23 of 1st period - Dillon Dube wins face-off versus Jack Drury in CALGARY FIREMEN zone.
14:29 of 1st period - Fabian Zetterlund is hit by Zach Bogosian and loses puck.
14:32 of 1st period - Shot by Jack Drury.
14:32 of 1st period - Shot Blocked by Anthony DeAngelo.
15:52 of 1st period - Rasmus Sandin is hit by Max Pacioretty and loses puck.
16:01 of 1st period - Shot by Corey Perry.
16:01 of 1st period - Goal by Corey Perry - CALGARY FIREMEN : 1 - SACRAMENTO BANDITS : 2.
16:02 of 1st period - Ryan Johansen wins face-off versus Jonathan Huberdeau in neutral zone.
16:44 of 1st period - Shot by Evgeny Kuznetsov.
16:44 of 1st period - Stopped by Marc-Andre Fleury without a rebound.
16:45 of 1st period - Jack Drury wins face-off versus Josh Anderson in CALGARY FIREMEN zone.
17:07 of 1st period - Shot by Fabian Zetterlund.
17:07 of 1st period - Stopped by Daniel Vladar with a rebound.
17:09 of 1st period - Shot by Fabian Zetterlund.
17:09 of 1st period - Shot Misses the Net.
17:11 of 1st period - Shot by Fabian Zetterlund.
17:11 of 1st period - Stopped by Daniel Vladar with a rebound.
17:15 of 1st period - Shot by Fabian Zetterlund.
17:15 of 1st period - Shot Blocked by Aaron Ekblad.
17:52 of 1st period - Shot by Mason Marchment.
17:52 of 1st period - Stopped by Daniel Vladar without a rebound.
17:53 of 1st period - Ryan Johansen wins face-off versus Evgeny Kuznetsov in SACRAMENTO BANDITS zone.
17:59 of 1st period - Michael McCarron is hit by Anthony DeAngelo and loses puck.
18:05 of 1st period - Icing by Zach Bogosian.
18:06 of 1st period - Andrew Copp wins face-off versus Evgeny Kuznetsov in SACRAMENTO BANDITS zone.
18:17 of 1st period - Shot by Evgeny Kuznetsov.
18:17 of 1st period - Stopped by Marc-Andre Fleury without a rebound.
18:18 of 1st period - Ryan Johansen wins face-off versus Anthony Beauvillier in CALGARY FIREMEN zone.
18:18 of 1st period - Ryan Johansen is hit by Max Pacioretty.
18:50 of 1st period - Icing by Martin Fehervary.
18:51 of 1st period - Evgeny Kuznetsov wins face-off versus Ryan Johansen in CALGARY FIREMEN zone.
19:14 of 1st period - Shot by Blake Wheeler.
19:14 of 1st period - Shot Misses the Net.
19:19 of 1st period - Icing by Jared Spurgeon.
19:20 of 1st period - Ryan Johansen wins face-off versus Jakob Silfverberg in CALGARY FIREMEN zone.
Goals for this period are 1 for CALGARY FIREMEN vs 2 for SACRAMENTO BANDITS.
Shots for this period are 7 for CALGARY FIREMEN vs 15 for SACRAMENTO BANDITS.

2nd period


0:01 of 2nd period - Jack Drury wins face-off versus Anthony Beauvillier in neutral zone.
0:31 of 2nd period - Icing by Aaron Ekblad.
0:32 of 2nd period - Andrew Copp wins face-off versus Anthony Beauvillier in SACRAMENTO BANDITS zone.
1:42 of 2nd period - Minor Penalty to Zach Bogosian for Hooking.
1:43 of 2nd period - Ryan Johansen wins face-off versus Jonathan Huberdeau in SACRAMENTO BANDITS zone.
2:04 of 2nd period - Simon Edvinsson is hit by Ryan Johansen.
2:51 of 2nd period - Shot by Fabian Zetterlund.
2:51 of 2nd period - Shot Blocked by Anthony Beauvillier.
2:55 of 2nd period - Shot by Fabian Zetterlund.
2:55 of 2nd period - Stopped by Daniel Vladar without a rebound.
2:56 of 2nd period - Jonathan Huberdeau wins face-off versus Andrew Copp in SACRAMENTO BANDITS zone.
3:19 of 2nd period - Shot by Filip Forsberg.
3:19 of 2nd period - Shot Blocked by Janis Moser.
4:06 of 2nd period - Shot by Yakov Trenin.
4:06 of 2nd period - Deflect By Cody Glass.
4:06 of 2nd period - Shot Misses the Net.
4:53 of 2nd period - Icing by Jared Spurgeon.
4:54 of 2nd period - Ryan Johansen wins face-off versus Anthony Beauvillier in CALGARY FIREMEN zone.
5:19 of 2nd period - Minor Penalty to Martin Fehervary for Tripping.
5:20 of 2nd period - Evgeny Kuznetsov wins face-off versus Calle Jarnkrok in CALGARY FIREMEN zone.
5:21 of 2nd period - Shot by Blake Wheeler.
5:21 of 2nd period - Stopped by Marc-Andre Fleury with a rebound.
5:41 of 2nd period - Shot by Jonathan Huberdeau.
5:41 of 2nd period - Stopped by Marc-Andre Fleury with a rebound.
5:43 of 2nd period - Shot by Aaron Ekblad.
5:43 of 2nd period - Shot Misses the Net.
6:29 of 2nd period - Brett Howden is hit by Zach Bogosian and loses puck.
6:33 of 2nd period - Icing by Max Pacioretty.
6:34 of 2nd period - Anthony Beauvillier wins face-off versus Ryan Johansen in SACRAMENTO BANDITS zone.
6:43 of 2nd period - Minor Penalty to Max Pacioretty for Hooking.
6:44 of 2nd period - Andrew Copp wins face-off versus Jonathan Huberdeau in SACRAMENTO BANDITS zone.
6:45 of 2nd period - Shot by Filip Forsberg.
6:45 of 2nd period - Stopped by Daniel Vladar without a rebound.
6:46 of 2nd period - Andrew Copp wins face-off versus Jonathan Huberdeau in SACRAMENTO BANDITS zone.
6:49 of 2nd period - Shot by Filip Forsberg.
6:49 of 2nd period - Shot Misses the Net.
6:59 of 2nd period - Shot by Jonathan Huberdeau.
6:59 of 2nd period - Stopped by Marc-Andre Fleury without a rebound.
7:00 of 2nd period - Andrew Copp wins face-off versus Jonathan Huberdeau in CALGARY FIREMEN zone.
7:35 of 2nd period - Shot by Jake McCabe.
7:35 of 2nd period - Shot Misses the Net.
7:37 of 2nd period - Shot by Jared Spurgeon.
7:37 of 2nd period - Shot Misses the Net.
8:50 of 2nd period - Shot by Brett Howden.
8:50 of 2nd period - Goal by Brett Howden - CALGARY FIREMEN : 2 - SACRAMENTO BANDITS : 2.
8:51 of 2nd period - Anthony Beauvillier wins face-off versus Brett Howden in neutral zone.
9:13 of 2nd period - Shot by Max Pacioretty.
9:13 of 2nd period - Deflect By Corey Perry.
9:13 of 2nd period - Goal by Corey Perry - CALGARY FIREMEN : 2 - SACRAMENTO BANDITS : 3.
9:14 of 2nd period - Jack Drury wins face-off versus Josh Anderson in neutral zone.
10:25 of 2nd period - Shot by Jonathan Huberdeau.
10:25 of 2nd period - Shot Misses the Net.
10:40 of 2nd period - Off-side.
10:41 of 2nd period - Anthony Beauvillier wins face-off versus Ryan Johansen in neutral zone.
10:56 of 2nd period - Darren Raddysh is hit by Anthony Beauvillier and loses puck.
11:02 of 2nd period - Icing by Ryan Graves.
11:03 of 2nd period - Ryan Johansen wins face-off versus Dominik Kubalik in CALGARY FIREMEN zone.
11:16 of 2nd period - Shot by Matthew Knies.
11:16 of 2nd period - Stopped by Marc-Andre Fleury without a rebound.
11:17 of 2nd period - Andrew Copp wins face-off versus Anthony Beauvillier in CALGARY FIREMEN zone.
11:30 of 2nd period - Shot by Janis Moser.
11:30 of 2nd period - Stopped by Marc-Andre Fleury without a rebound.
11:31 of 2nd period - Evgeny Kuznetsov wins face-off versus Jack Drury in CALGARY FIREMEN zone.
11:31 of 2nd period - Jonathan Huberdeau is hit by Martin Fehervary and loses puck.
11:42 of 2nd period - Shot by Jonathan Huberdeau.
11:42 of 2nd period - Stopped by Marc-Andre Fleury without a rebound.
11:43 of 2nd period - Andrew Copp wins face-off versus Anthony Beauvillier in CALGARY FIREMEN zone.
12:24 of 2nd period - Shot by Filip Forsberg.
12:24 of 2nd period - Stopped by Daniel Vladar without a rebound.
12:25 of 2nd period - Evgeny Kuznetsov wins face-off versus Jack Drury in SACRAMENTO BANDITS zone.
12:39 of 2nd period - Fabian Zetterlund is hit by Zach Bogosian and loses puck.
13:07 of 2nd period - Calle Jarnkrok is hit by Zach Bogosian and loses puck.
14:00 of 2nd period - Minor Penalty to Corey Perry for Slashing.
14:01 of 2nd period - Andrew Copp wins face-off versus Matthew Knies in SACRAMENTO BANDITS zone.
14:01 of 2nd period - Filip Forsberg is hit by Aaron Ekblad and loses puck.
15:19 of 2nd period - Shot by Calle Jarnkrok.
15:19 of 2nd period - Stopped by Daniel Vladar with a rebound.
15:59 of 2nd period - Icing by Fabian Zetterlund.
16:00 of 2nd period - Adam Gaudette wins face-off versus Cody Glass in CALGARY FIREMEN zone.
16:09 of 2nd period - Shot by Josh Anderson.
16:09 of 2nd period - Stopped by Marc-Andre Fleury without a rebound.
16:10 of 2nd period - Brett Howden wins face-off versus Adam Gaudette in CALGARY FIREMEN zone.
16:25 of 2nd period - Shot by Cody Glass.
16:25 of 2nd period - Shot Misses the Net.
16:48 of 2nd period - Shot by Brett Howden.
16:48 of 2nd period - Stopped by Daniel Vladar without a rebound.
16:49 of 2nd period - Evgeny Kuznetsov wins face-off versus Andrew Copp in SACRAMENTO BANDITS zone.
17:06 of 2nd period - Shot by Filip Forsberg.
17:06 of 2nd period - Shot Misses the Net.
17:08 of 2nd period - Shot by Jake McCabe.
17:08 of 2nd period - Stopped by Daniel Vladar with a rebound.
17:10 of 2nd period - Shot by Rasmus Sandin.
17:10 of 2nd period - Goal by Rasmus Sandin - CALGARY FIREMEN : 3 - SACRAMENTO BANDITS : 3.
17:11 of 2nd period - Anthony Beauvillier wins face-off versus Jack Drury in neutral zone.
17:14 of 2nd period - Jared Spurgeon is hit by Corey Perry and loses puck.
17:45 of 2nd period - Anthony Beauvillier is hit by Calle Jarnkrok and loses puck.
19:09 of 2nd period - Icing by Darren Raddysh.
19:10 of 2nd period - Ryan Johansen wins face-off versus Dillon Dube in CALGARY FIREMEN zone.
19:38 of 2nd period - Icing by Aaron Ekblad.
19:39 of 2nd period - Jack Drury wins face-off versus Dillon Dube in SACRAMENTO BANDITS zone.
19:46 of 2nd period - Shot by Fabian Zetterlund.
19:46 of 2nd period - Stopped by Daniel Vladar without a rebound.
19:47 of 2nd period - Andrew Copp wins face-off versus Jonathan Huberdeau in SACRAMENTO BANDITS zone.
Goals for this period are 2 for CALGARY FIREMEN vs 1 for SACRAMENTO BANDITS.
Shots for this period are 9 for CALGARY FIREMEN vs 8 for SACRAMENTO BANDITS.

3rd period


0:01 of 3rd period - Evgeny Kuznetsov wins face-off versus Jack Drury in neutral zone.
1:10 of 3rd period - Icing by Zach Bogosian.
1:11 of 3rd period - Anthony Beauvillier wins face-off versus Ryan Johansen in SACRAMENTO BANDITS zone.
1:11 of 3rd period - Anthony Beauvillier is hit by Michael McCarron.
1:14 of 3rd period - Icing by Max Pacioretty.
1:15 of 3rd period - Andrew Copp wins face-off versus Anthony Beauvillier in SACRAMENTO BANDITS zone.
1:22 of 3rd period - Shot by Filip Forsberg.
1:22 of 3rd period - Stopped by Daniel Vladar without a rebound.
1:23 of 3rd period - Andrew Copp wins face-off versus Adam Gaudette in SACRAMENTO BANDITS zone.
1:23 of 3rd period - Filip Forsberg is hit by Simon Edvinsson and loses puck.
1:30 of 3rd period - Joel Edmundson is hit by Mason Marchment and loses puck.
1:53 of 3rd period - Shot by Josh Anderson.
1:53 of 3rd period - Shot Misses the Net.
1:55 of 3rd period - Shot by Simon Edvinsson.
1:55 of 3rd period - Deflect By Adam Gaudette.
1:55 of 3rd period - Stopped by Marc-Andre Fleury without a rebound.
1:56 of 3rd period - Evgeny Kuznetsov wins face-off versus Ryan Johansen in CALGARY FIREMEN zone.
2:16 of 3rd period - Icing by Janis Moser.
2:17 of 3rd period - Jack Drury wins face-off versus Evgeny Kuznetsov in SACRAMENTO BANDITS zone.
3:51 of 3rd period - Off-side.
3:52 of 3rd period - Ryan Johansen wins face-off versus Adam Gaudette in neutral zone.
3:59 of 3rd period - Shot by Isac Lundestrom.
3:59 of 3rd period - Stopped by Daniel Vladar without a rebound.
4:00 of 3rd period - Adam Gaudette wins face-off versus Andrew Copp in SACRAMENTO BANDITS zone.
4:11 of 3rd period - Shot by Josh Anderson.
4:11 of 3rd period - Shot Blocked by Jake McCabe.
4:13 of 3rd period - Shot by Adam Gaudette.
4:13 of 3rd period - Stopped by Marc-Andre Fleury without a rebound.
4:14 of 3rd period - Evgeny Kuznetsov wins face-off versus Ryan Johansen in CALGARY FIREMEN zone.
5:23 of 3rd period - Shot by Andrew Copp.
5:23 of 3rd period - Shot Misses the Net.
5:45 of 3rd period - Shot by Filip Forsberg.
5:45 of 3rd period - Stopped by Daniel Vladar with a rebound.
6:06 of 3rd period - Minor Penalty to Josh Anderson for Roughing.
6:07 of 3rd period - Andrew Copp wins face-off versus Jonathan Huberdeau in SACRAMENTO BANDITS zone.
6:47 of 3rd period - Off-side.
6:48 of 3rd period - Max Pacioretty wins face-off versus Ryan Johansen in neutral zone.
7:13 of 3rd period - Shot by Calle Jarnkrok.
7:13 of 3rd period - Shot Blocked by Janis Moser.
7:15 of 3rd period - Shot by Rasmus Sandin.
7:15 of 3rd period - Goal by Rasmus Sandin - CALGARY FIREMEN : 4 - SACRAMENTO BANDITS : 3.
7:16 of 3rd period - Adam Gaudette wins face-off versus Brett Howden in neutral zone.
7:26 of 3rd period - Icing by Ryan Graves.
7:27 of 3rd period - Brett Howden wins face-off versus Anthony Beauvillier in CALGARY FIREMEN zone.
7:27 of 3rd period - Brett Howden is hit by Anthony Beauvillier.
7:36 of 3rd period - Icing by Max Pacioretty.
7:37 of 3rd period - Jack Drury wins face-off versus Anthony Beauvillier in SACRAMENTO BANDITS zone.
8:37 of 3rd period - Evgeny Kuznetsov is hit by Mason Marchment and loses puck.
9:44 of 3rd period - Shot by Josh Anderson.
9:44 of 3rd period - Stopped by Marc-Andre Fleury with a rebound.
9:59 of 3rd period - Michael McCarron is hit by Zach Bogosian and loses puck.
10:15 of 3rd period - Icing by Josh Anderson.
10:16 of 3rd period - Brett Howden wins face-off versus Adam Gaudette in SACRAMENTO BANDITS zone.
10:17 of 3rd period - Shot by Cody Glass.
10:17 of 3rd period - Stopped by Daniel Vladar without a rebound.
10:18 of 3rd period - Anthony Beauvillier wins face-off versus Jack Drury in SACRAMENTO BANDITS zone.
10:18 of 3rd period - Anthony Beauvillier is hit by Calle Jarnkrok.
10:48 of 3rd period - Icing by Anthony Beauvillier.
10:49 of 3rd period - Andrew Copp wins face-off versus Anthony Beauvillier in SACRAMENTO BANDITS zone.
10:58 of 3rd period - Icing by Joel Edmundson.
10:59 of 3rd period - Ryan Johansen wins face-off versus Anthony Beauvillier in SACRAMENTO BANDITS zone.
11:02 of 3rd period - Shot by Michael McCarron.
11:02 of 3rd period - Shot Blocked by Joel Edmundson.
11:09 of 3rd period - Corey Perry is hit by Jake McCabe and loses puck.
11:40 of 3rd period - Shot by Jonathan Huberdeau.
11:40 of 3rd period - Shot Blocked by Michael McCarron.
11:45 of 3rd period - Icing by Jake McCabe.
11:46 of 3rd period - Adam Gaudette wins face-off versus Ryan Johansen in CALGARY FIREMEN zone.
12:01 of 3rd period - Shot by Jakob Silfverberg.
12:01 of 3rd period - Stopped by Marc-Andre Fleury with a rebound.
12:03 of 3rd period - Shot by Zach Bogosian.
12:03 of 3rd period - Shot Misses the Net.
12:05 of 3rd period - Shot by Jakob Silfverberg.
12:05 of 3rd period - Shot Blocked by Jake McCabe.
12:07 of 3rd period - Shot by Zach Bogosian.
12:07 of 3rd period - Stopped by Marc-Andre Fleury without a rebound.
12:08 of 3rd period - Andrew Copp wins face-off versus Evgeny Kuznetsov in CALGARY FIREMEN zone.
12:08 of 3rd period - Andrew Copp is hit by Jonathan Huberdeau.
12:11 of 3rd period - Mason Marchment is hit by Jonathan Huberdeau and loses puck.
12:24 of 3rd period - Shot by Blake Wheeler.
12:24 of 3rd period - Stopped by Marc-Andre Fleury without a rebound.
12:25 of 3rd period - Jack Drury wins face-off versus Anthony Beauvillier in CALGARY FIREMEN zone.
12:29 of 3rd period - Off-side.
12:30 of 3rd period - Evgeny Kuznetsov wins face-off versus Andrew Copp in neutral zone.
13:31 of 3rd period - Shot by Fabian Zetterlund.
13:31 of 3rd period - Shot Misses the Net.
13:33 of 3rd period - Shot by Fabian Zetterlund.
13:33 of 3rd period - Shot Misses the Net.
13:49 of 3rd period - Shot by Jack Drury.
13:49 of 3rd period - Shot Misses the Net.
13:53 of 3rd period - Shot by Fabian Zetterlund.
13:53 of 3rd period - Stopped by Daniel Vladar without a rebound.
13:54 of 3rd period - Anthony Beauvillier wins face-off versus Ryan Johansen in SACRAMENTO BANDITS zone.
13:54 of 3rd period - Anthony Beauvillier is hit by Michael McCarron.
14:25 of 3rd period - Icing by Ryan Graves.
14:26 of 3rd period - Adam Gaudette wins face-off versus Ryan Johansen in CALGARY FIREMEN zone.
15:23 of 3rd period - Shot by Dominik Kubalik.
15:23 of 3rd period - Shot Misses the Net.
15:25 of 3rd period - Shot by Zach Bogosian.
15:25 of 3rd period - Shot Blocked by Rasmus Sandin.
15:27 of 3rd period - Shot by Matthew Knies.
15:27 of 3rd period - Shot Misses the Net.
15:44 of 3rd period - Icing by Zach Bogosian.
15:45 of 3rd period - Dillon Dube wins face-off versus Jack Drury in SACRAMENTO BANDITS zone.
16:12 of 3rd period - Shot by Fabian Zetterlund.
16:12 of 3rd period - Shot Blocked by Anthony DeAngelo.
16:31 of 3rd period - Icing by Martin Fehervary.
16:32 of 3rd period - Evgeny Kuznetsov wins face-off versus Jack Drury in CALGARY FIREMEN zone.
16:36 of 3rd period - Icing by Jared Spurgeon.
16:37 of 3rd period - Anthony Beauvillier wins face-off versus Jack Drury in CALGARY FIREMEN zone.
16:42 of 3rd period - Shot by Max Pacioretty.
16:42 of 3rd period - Shot Misses the Net.
17:09 of 3rd period - Icing by Janis Moser.
17:10 of 3rd period - Anthony Beauvillier wins face-off versus Andrew Copp in SACRAMENTO BANDITS zone.
17:21 of 3rd period - Shot by Max Pacioretty.
17:21 of 3rd period - Stopped by Marc-Andre Fleury with a rebound.
17:37 of 3rd period - Shot by Filip Forsberg.
17:37 of 3rd period - Shot Blocked by Simon Edvinsson.
18:34 of 3rd period - Shot by Jakob Silfverberg.
18:34 of 3rd period - Shot Misses the Net.
18:36 of 3rd period - Shot by Zach Bogosian.
18:36 of 3rd period - Stopped by Marc-Andre Fleury without a rebound.
18:37 of 3rd period - Dillon Dube wins face-off versus Brett Howden in CALGARY FIREMEN zone.
19:04 of 3rd period - Shot by Cody Glass.
19:04 of 3rd period - Shot Blocked by Janis Moser.
19:14 of 3rd period - Shot by Yakov Trenin.
19:14 of 3rd period - Shot Misses the Net.
19:16 of 3rd period - Shot by Jared Spurgeon.
19:16 of 3rd period - Stopped by Daniel Vladar without a rebound.
19:17 of 3rd period - Jonathan Huberdeau wins face-off versus Andrew Copp in SACRAMENTO BANDITS zone.
19:17 of 3rd period - Jonathan Huberdeau is hit by Calle Jarnkrok.
19:31 of 3rd period - Shot by Fabian Zetterlund.
19:31 of 3rd period - Shot Misses the Net.
19:37 of 3rd period - SACRAMENTO BANDITS, Daniel Vladar is pulled from the net.
19:43 of 3rd period - Shot by Evgeny Kuznetsov.
19:43 of 3rd period - Stopped by Marc-Andre Fleury without a rebound.
19:44 of 3rd period - Andrew Copp wins face-off versus Evgeny Kuznetsov in CALGARY FIREMEN zone.
19:44 of 3rd period - Andrew Copp is hit by Evgeny Kuznetsov.
Goals for this period are 1 for CALGARY FIREMEN vs 0 for SACRAMENTO BANDITS.
Shots for this period are 7 for CALGARY FIREMEN vs 9 for SACRAMENTO BANDITS.


MATTHEW
TKACHUK
TOM
WILSON
JAKE
GUENTZEL